 Dungeon Crawl Stone Soup version 0.31.0-11-ge490571c62 (webtiles) character file.

Game seed: 90635592569390646

54 bearlyready the Ruffian (level 3, -1/34 HPs)
             Began as an Octopode Shapeshifter on Feb 4, 2024.
             Slain by Grinder (7 damage)
             ... on level 3 of the Dungeon.
             The game lasted 00:02:16 (1405 turns).

bearlyready the Ruffian (Octopode Shapeshifter)     Turns: 1405, Time: 00:02:16

Health: -1/34      AC: 21    Str: 15    XL:     3   Next: 91%
Magic:  3/3        EV:  2    Int: 12    God:
Gold:   123        SH:  0    Dex: 11    Spells: 2/2 levels left

rFire   . .          .
                       - Unarmed
rCold   . . .        (no shield)
rNeg    . . .        (helmet currently unavailable)
rPois   +            (no amulet)
rElec   .            (no ring)
rCorr   .            (no ring)
SInv    .            (no ring)
Will    .....        (no ring)
Stlth   +            (no ring)
HPRegen 0.25/turn    (no ring)
MPRegen 0.08/turn    (no ring)
                     (no ring)

%: no passive effects
@: tree-form
A: stationary, stasis, torment immunity, boosted hp, almost no armour,
(amphibious), 8 rings, (camouflage 1), (gelatinous body 1), (nimble swimmer 1),
(tentacles)
a: no special abilities


You were on level 3 of the Dungeon.
You were a tree.
You visited 1 branch of the dungeon, and saw 3 of its levels.

You collected 123 gold pieces.

Inventory:

Missiles
 f - 3 curare-tipped darts (quivered)
 o - 4 poisoned darts
 q - 3 boomerangs
Jewellery
 k - a +6 ring of strength
 l - an amulet of faith
Talismans
 b - a beast talisman
 c - a flux talisman
Scrolls
 h - a scroll of enchant armour {unknown}
 j - 2 scrolls of blinking {unknown}
 m - a scroll of teleportation {unknown}
 n - a scroll of fog {unknown}
 p - a scroll of amnesia {unknown}
 s - a scroll of enchant weapon {unknown}
 t - a scroll of fear {unknown}
Potions
 d - a potion of might {unknown}
 e - 2 potions of curing {unknown}
 g - 2 potions of haste {unknown}
 i - 3 potions of degeneration {unknown}
 r - a potion of invisibility {unknown}


   Skills:
 - Level 1.0 Fighting
 - Level 2.0 Dodging
 + Level 3.9 Unarmed Combat
 + Level 3.8 Shapeshifting


You had 2 spell levels left.
You didn't know any spells.
Your spell library contained the following spells:

 Spells                   Type           Power      Damage    Failure   Level
 Sandblast                Erth           0%         2d4       32%         1
 Ensorcelled Hibernation  Hex/Ice        0%         N/A       45%         2
 Passwall                 Erth           0%         N/A       69%         3
 Stone Arrow              Conj/Erth      0%         3d7       69%         3
 Swiftness                Air            0%         N/A       69%         3
 Brom's Barrelling Bould  Conj/Erth      0%         2d3       97%         4


Dungeon Overview and Level Annotations

Branches:
Dungeon (3/15)

Altars:

Annotations:
D:3 Grinder


Innate Abilities, Weirdness & Mutations

You are a tree.
Your roots penetrate the ground, keeping you stationary.
You cannot be teleported.
You are immune to unholy pain and torment.
Your maximum health is greatly increased.
You cannot wear most types of armour.
((You are amphibious.))
You can wear up to eight rings at the same time.
((Your skin changes colour to match your surroundings (Stealth+).))
((Your rubbery body absorbs attacks. (AC +1, EV +1)))
((You are camouflaged when in or above water. (Stealth+)))
((You have tentacles for arms and can constrict up to eight enemies at once.))


Message History

Grinder sighs, "No one appreciates my work."
Found a rapier.
You tentacle-slap Grinder. You grab Grinder. Your squeeze misses Grinder.
Grinder is lightly wounded.
You constrict Grinder. Grinder misses you.
You tentacle-slap Grinder but do no damage.
You squeeze Grinder, but do no damage.
Grinder is lightly wounded.
You constrict Grinder. Grinder hits you!
You writhe in agony.
* * * LOW HITPOINT WARNING * * *
The adder closely misses you.
You are too injured to fight recklessly!
Your transformation has ended.
You turn into a tree.
Your roots penetrate the ground.
You lose your grip on Grinder.
The adder bites you but does no damage. Grinder gestures at you.
You resist with significant effort.
You smack Grinder!
Grinder is moderately wounded.
The adder bites you but does no damage. Grinder gestures at you.
You suddenly lose the ability to move!
The adder bites you but does no damage. Grinder hits you.
* * * LOW HITPOINT WARNING * * *
You writhe in agony.
* * * LOW HITPOINT WARNING * * *
The adder bites you.
* * * LOW HITPOINT WARNING * * *
Grinder hits you.
* * * LOW HITPOINT WARNING * * *
The adder bites you but does no damage. The adder bites you but does no damage.
Grinder hits you but does no damage.
You can move again.
You miss the adder. The adder bites you but does no damage.
Grinder hits you but does no damage.
You smack the adder!
The adder is heavily wounded.
The adder bites you but does no damage. Grinder hits you!
You die...
Grinder says, "Now the real fun starts!"

#............#..#
....#.#.#.#..#..#
#............####
..#.#.#.#.#.##
#...........##
..#.#.#)#.#..#
.............#
##+#..S.)##..#
......5♣....##
....#.#.#.#.#
............#
....#.#.#.#.#
............#
....#.#.#.#.#
............#
....#.#.#)#.#


You could see Grinder and an adder.

Vanquished Creatures
  An adder (D:2)
  A ribbon worm (D:2)
  An orc (D:3)
  5 ball pythons
  4 endoplasms
  3 giant cockroaches
  2 goblins (D:2)
  3 hobgoblins
  3 jackals (D:2)
  5 kobolds
  5 bats
  3 frilled lizards (D:1)
  3 rats
39 creatures vanquished.

Notes
Turn   | Place    | Note
-------+----------+-------------------------------------------
     0 | D:1      | bearlyready the Octopode Shapeshifter began the quest for
                  | the Orb.
     0 | D:1      | Reached XP level 1. HP: 13/13 MP: 1/1
   137 | D:1      | Reached XP level 2. HP: 13/18 MP: 2/2
   481 | D:1      | You fall into a shaft and drop 1 floor!
   920 | D:2      | Reached XP level 3. HP: 23/23 MP: 3/3
  1391 | D:3      | Noticed Grinder
  1400 | D:3      | Paralysed by Grinder for 3 turns
  1405 | D:3      | Slain by Grinder

Illustrated notes

Levels and vault maps discovered:
D:1:      giann_horns, layout_rooms, chequers_serial_rivers_marsh,
          minmay_shallow_snake_nest
D:2:      layout_basic
D:3:      minmay_wonky_spiral, layout_basic, mainiacjoe_overflow_divided_tiny,
          serial_glass, glass_columns_a, glass_columns_b, glass_columns_a,
          glass_columns_b, glass_columns_a, glass_columns_b, glass_columns_b,
          glass_columns_a, glass_columns_c, glass_columns_c, glass_columns_a,
          glass_columns_c, glass_columns_c, glass_columns_a,
          ebering_ecumenical_altar_abandoned, pf_guarded_unrand_delatra,
          uniq_grinder

Action                     || total
---------------------------++-------
  Melee: Unarmed           ||    71
         Constrict         ||    14
         Tentacles         ||    13
         Punch             ||     1
    Use: Potion            ||     1
   Stab: Sleeping          ||    10
 Armour: Skin              ||    36
  Dodge: Dodged            ||    31
